 Dungeon Crawl Stone Soup version 0.29.1-1-gd02db6906a (webtiles) character file.

Game seed: 5935431289073729721

21 LabCoat the Trooper (level 2, 0/27 HPs)
             Began as a Hill Orc Fighter on Sept 18, 2022.
             Frozen to death by an endoplasm (5 damage)
             ... on level 1 of the Dungeon.
             The game lasted 00:01:48 (388 turns).

LabCoat the Trooper (Hill Orc Fighter)               Turns: 388, Time: 00:01:49

Health: 0/27       AC:  6    Str: 18    XL:     2   Next: 83%
Magic:  2/2        EV:  9    Int:  8    God:
Gold:   65         SH:  4    Dex: 10    Spells: 1/1 levels left

rFire   . . .      SeeInvis .   a - +0 war axe
rCold   . . .      Faith    .   c - +0 buckler
rNeg    . . .      Spirit   .   b - +0 scale mail
rPois   .          Reflect  .   (no helmet)
rElec   .          Harm     .   (no cloak)
rCorr   .          Rampage  .   (no gloves)
Will    .....                   (no boots)
Stlth   ..........              (no amulet)
HPRegen 0.09/turn               (no ring)
MPRegen 0.08/turn               (no ring)

@: mighty
A: no striking features
a: no special abilities


You were on level 1 of the Dungeon.
You visited 1 branch of the dungeon, and saw 1 of its levels.

You collected 65 gold pieces.

Inventory:

Hand Weapons
 a - a +0 war axe (weapon)
Armour
 b - a +0 scale mail (worn)
 c - a +0 buckler (worn)
Jewellery
 f - a ring of flight
Scrolls
 e - a scroll of identify {unknown}
Potions
 g - a potion of invisibility {unknown}


   Skills:
 + Level 3.7 Fighting
 * Level 3.4 Axes
 + Level 0.5 Throwing
 + Level 3.4 Armour
 + Level 3.4 Shields
 + Level 0.6 Evocations


You had one spell level left.
You didn't know any spells.
Your spell library contained the following spells:

 Spells                   Type           Power      Damage    Failure   Level
 Gell's Gravitas          Tloc           0%         N/A       99%         3
 Teleport Other           Tloc           0%         N/A       99%         3
 Dispersal                Tloc           0%         N/A       100%        6


Dungeon Overview and Level Annotations

Branches:
Dungeon (1/15)

Altars:

Shops:
D:1 (


Message History

The jackal barely misses you.
You miss the jackal. The jackal bites you.
* * * LOW HITPOINT WARNING * * *
The jackal bites you but does no damage.
You completely miss the jackal. The jackal closely misses you.
The jackal barely misses you.
You closely miss the jackal. You block the jackal's attack.
The endoplasm jiggles.
The jackal barely misses you.
You barely miss the jackal. The jackal bites you.
* * * LOW HITPOINT WARNING * * *
You barely miss the jackal.
The jackal bites you but does no damage. x2
You hit the jackal.
The jackal is almost dead.
The jackal closely misses you. The jackal completely misses you.
You slash the jackal!
You kill the jackal!
The jackal bites you but does no damage.
You barely miss the jackal. The jackal barely misses you. x2
You closely miss the jackal. The jackal closely misses you.
The jackal bites you but does no damage.
You barely miss the jackal. The jackal barely misses you.
The jackal closely misses you.
You barely miss the jackal. The jackal barely misses you. x2
You closely miss the jackal. The jackal closely misses you.
You block the jackal's attack.
You closely miss the jackal. You block the jackal's attack.
The jackal bites you.
* * * LOW HITPOINT WARNING * * *
You slice the jackal!!
You kill the jackal!
The jackal closely misses you.
You barely miss the jackal. You block the jackal's attack.
The jackal bites you but does no damage.
You hit the jackal.
You kill the jackal!
The endoplasm freezes you.
You are frozen.
You die...

######### #.# #.# .........
#.# ........ #.# !.......
#.# ....... #.# ....(.. #.#
......## #.# .......# #@#
.......# #J#
.......#########.#
......†...h..h.÷.##########
.......#....h.J...........#
.#######..........#######.#
#........#.# #.#
#........#.#######.# #.
#..................#


You could see an endoplasm.

Vanquished Creatures
  2 ball pythons (D:1)
  2 endoplasms (D:1)
  A giant cockroach (D:1)
  3 hobgoblins (D:1)
  6 jackals (D:1)
  A quokka (D:1)
  2 bats (D:1)
  A rat (D:1)
18 creatures vanquished.

Notes
Turn   | Place    | Note
-------+----------+-------------------------------------------
     0 | D:1      | LabCoat the Hill Orc Fighter began the quest for the Orb.
     0 | D:1      | Reached XP level 1. HP: 19/19 MP: 1/1
    39 | D:1      | Found Uficur's Antique Weapon Shoppe.
   125 | D:1      | Reached XP level 2. HP: 27/27 MP: 2/2
   388 | D:1      | Frozen to death by an endoplasm

Illustrated notes

Levels and vault maps discovered:
D:1:      minmay_arrival_diagonal_passages, layout_basic, serial_shops,
          nicolae_shop_behind_doors, serial_park_tiny_1

Skill      XL: |  1 |
---------------+----+-----
Axes           | 3 |  3.4
Fighting       | |  3.7
Throwing       | |  0.5
Armour         | |  3.4
Shields        | |  3.4
Evocations     | |  0.6

Action                   || total
-------------------------++-------
Melee: War axe           ||    60
  Use: Potion            ||     1
Armor: Scale mail        ||    40
Dodge: Dodged            ||    45
Block: Buckler           ||    24
